 Dungeon Crawl Stone Soup version 0.17.0-28-g6e173f8 (webtiles) character file.

1071 TruthSerum the Basher (level 8, -3/88 HPs)
             Began as an Ogre Berserker on Nov 22, 2015.
             Was an Elder of Trog.
             Slain by a gnoll
             ... wielding a +0 spear
              (4 damage)
             ... on level 5 of the Dungeon on Nov 23, 2015.
             The game lasted 00:23:07 (5105 turns).

TruthSerum the Basher (Ogre Berserker)              Turns: 5105, Time: 00:23:07

Health: -3/88      AC:  3    Str: 23    XL:     8   Next: 28%
Magic:  8/8        EV: 12    Int:  6    God:    Trog [****..]
Gold:   178        SH:  0    Dex: 11    Spells: 0 memorised, 7 levels left

rFire  . . .     SeeInvis .     l - +0 flail
rCold  . . .     Clarity  .     b - +0 animal skin
rNeg   . . .     SustAt   .     (no shield)
rPois  +         Gourm    .     (helmet restricted)
rElec  .         Spirit   .     (no cloak)
rCorr  .         Warding  .     (gloves unavailable)
rMut   .         Stasis   .     (boots unavailable)
MR     .....                    (no amulet)
Stlth  +.........               (no ring)
                                n - ring of poison resistance

@: exhausted, slowed, very slow, not resistant to hostile enchantments, very
unstealthy
A: unfitting armour, tough skin 1
a: Berserk, Trog's Hand, Brothers in Arms, Burn Spellbooks, Renounce Religion


You were on level 5 of the Dungeon.
You worshipped Trog.
Trog was greatly pleased with you.
You were very hungry.

You visited 1 branch of the dungeon, and saw 5 of its levels.

You collected 178 gold pieces.

Inventory:

Hand Weapons
 l - a +0 flail (weapon)
Armour
 b - a +0 animal skin (worn)
Jewellery
 n - a ring of poison resistance (left hand)
Scrolls
 d - 6 scrolls of remove curse {unknown}
 f - 7 scrolls of identify {unknown}
 h - a scroll of magic mapping {unknown}
 j - 3 scrolls of teleportation {unknown}
 m - a scroll of blinking {unknown}
 p - 2 scrolls of fear {unknown}
 r - 2 scrolls of recharging {unknown}
 s - 2 scrolls of random uselessness {unknown}
 u - a scroll of enchant armour {unknown}
Potions
 a - a potion of might {unknown}
 e - 3 potions of heal wounds {unknown}
 i - 2 potions of flight {unknown}
 k - 2 potions of haste {unknown}
 q - 2 potions of brilliance {unknown}
 w - 2 potions of poison {unknown}
Comestibles
 c - 3 bread rations
 g - 4 chunks of flesh
 o - 3 meat rations
 t - 4 fruits
 v - 2 beef jerkies
 x - a slice of pizza


   Skills:
 + Level 8.0 Fighting
 + Level 8.3 Maces & Flails
 + Level 5.6 Dodging


You had 7 spell levels left.
You didn't know any spells.

Dungeon Overview and Level Annotations

Branches:
Dungeon (5/15)
 Temple: D:4-7

Altars:
Fedhas
Qazlal
Trog
Xom


Innate Abilities, Weirdness & Mutations

You are too large for most types of armour.
You have tough skin (AC +1).


Message History

The gnoll is almost dead.
The gnoll hits you.
* * * LOW HITPOINT WARNING * * *
The gnoll misses you. x2
The gnoll hits you from afar with a spear!
* * * LOW HITPOINT WARNING * * *
You hit the gnoll.
You kill the gnoll!
Trog accepts your kill.
The gnoll hits you from afar with a spear!
* * * LOW HITPOINT WARNING * * *
The gnoll hits you with a spear.
* * * LOW HITPOINT WARNING * * *
Things that are here:
a spear; a gnoll corpse You hit the gnoll but do no damage.
The gnoll misses you. The gnoll hits you with a spear.
* * * LOW HITPOINT WARNING * * *
You barely miss the gnoll. The gnoll hits you with a spear.
You die...

#.# ##.#.# #.#
#.#.##. #.#
#.#.##. #<#
#.#.##.####
#.#####.#.##....#
#..)......# ....#
#######.### ...
#.# #g# #.# #@#
#.# #)#
#########.# #)#
..........# #.#
########### #†#
#.# #########.#
#.........#
#.#########


You could see a gnoll.

Vanquished Creatures
  Eustachio (D:4)
  Purgy (D:3)
  2 ice beasts (D:5)
  A centaur (D:5)
  A giant frog zombie (D:5)
  A gnoll shaman (D:5)
  A jelly (D:5)
  A hound (D:5)
  An iguana (D:4)
  2 worker ants (D:5)
  Robin (D:3)
  18 gnolls
  4 river rats (D:4)
  7 adders
  2 oozes
  An adder skeleton (D:4)
  A worm (D:5)
  A giant gecko (D:4)
  3 orcs
  9 hobgoblins
  8 jackals
  2 ball pythons
  5 bats
  4 giant cockroaches
  A giant gecko zombie (D:5)
  6 giant newts
  14 goblins
  A jackal skeleton (D:4)
  10 kobolds
  2 quokkas
  A quokka skeleton (D:5)
  5 rats
118 creatures vanquished.

Notes
Turn   | Place    | Note
--------------------------------------------------------------
     0 | D:1      | TruthSerum the Ogre Berserker began the quest for the Orb.
     0 | D:1      | Reached XP level 1. HP: 24/24 MP: 1/1
    61 | D:1      | Reached XP level 2. HP: 32/32 MP: 2/2
   871 | D:1      | Reached ** piety under Trog
  1061 | D:2      | Reached XP level 3. HP: 36/40 MP: 3/3
  1090 | D:2      | Reached skill level 5 in Maces & Flails
  1090 | D:2      | Reached XP level 4. HP: 43/49 MP: 4/4
  1184 | D:2      | Reached skill level 5 in Fighting
  1311 | D:2      | Found a shimmering altar of Xom.
  1384 | D:2      | Reached XP level 5. HP: 56/57 MP: 5/5
  1654 | D:2      | Reached *** piety under Trog
  1974 | D:3      | Noticed Purgy
  1988 | D:3      | Killed Purgy
  1988 | D:3      | Reached skill level 6 in Maces & Flails
  1988 | D:3      | Reached XP level 6. HP: 63/67 MP: 6/6
  2511 | D:3      | Noticed Robin
  2528 | D:3      | Killed Robin
  2646 | D:3      | Found a bloodstained altar of Trog.
  2885 | D:4      | Found a blossoming altar of Fedhas.
  2938 | D:4      | HP: 1/100 [gnoll/spear (6)]
  3345 | D:4      | Noticed Eustachio
  3359 | D:4      | Killed Eustachio
  3359 | D:4      | Reached XP level 7. HP: 76/76 MP: 7/7
  3432 | D:4      | Found a stormy altar of Qazlal.
  3441 | D:4      | Reached **** piety under Trog
  3443 | D:4      | Reached skill level 7 in Maces & Flails
  3897 | D:5      | Entered Level 5 of the Dungeon
  3927 | D:5      | Reached skill level 5 in Dodging
  4577 | D:5      | Reached skill level 8 in Maces & Flails
  4577 | D:5      | Reached XP level 8. HP: 47/88 MP: 8/8
  5104 | D:5      | HP: 1/88 [gnoll/spear (6)]
  5105 | D:5      | Slain by a gnoll

Action                   |  1- 3 |  4- 6 |  7- 9 || total
-------------------------+-------+-------+-------++-------
Melee: Mace              |    63 |    52 |       ||   115
       Flail             |       |   139 |   153 ||   292
Invok: Berserk           |     2 |     5 |     2 ||     9
 Stab: Sleeping          |       |     1 |       ||     1
  Eat: Chunk             |     1 |    13 |     6 ||    20
       Fruit             |       |       |     2 ||     2
